 Dungeon Crawl Stone Soup version 0.31-a0-188-g5e087ee2ca (webtiles) character file.

Game seed: 6333252619573901365

48 qw the Shooter (level 3, -5/20 HPs)
             Began as a Deep Elf Hunter on June 22, 2023.
             Slain by a gnoll
             ... wielding a +1 halberd of protection
              (6 damage)
             ... on level 2 of the Dungeon.
             The game lasted 00:00:19 (983 turns).

qw the Shooter (Deep Elf Hunter)                     Turns: 983, Time: 00:00:20

Health: -5/20      AC:  6    Str: 10    XL:     3   Next: 50%
Magic:  5/5        EV:  9    Int: 13    God:
Gold:   102        SH:  0    Dex: 18    Spells: 2/2 levels left

rFire   . . .        Y - +0 shortbow
rCold   . . .        (shield currently unavailable)
rNeg    . . .        a - +0 scale mail
rPois   .            (no helmet)
rElec   .            (no cloak)
rCorr   .            (no gloves)
SInv    .            (no boots)
Will    .....        (no amulet)
Stlth   +            (no ring)
HPRegen 0.23/turn    (no ring)
MPRegen 0.09/turn

%: no passive effects
@: no status effects
A: no striking features
a: no special abilities


You were on level 2 of the Dungeon.
You visited 1 branch of the dungeon, and saw 2 of its levels.

You collected 102 gold pieces.


   Skills:
 - Level 1.5 Fighting
 + Level 7.0 Ranged Weapons
 - Level 2.4 Dodging
 - Level 1.2 Stealth


You had 2 spell levels left.
You didn't know any spells.
Your spell library was empty.

Inventory:

Hand Weapons
 Y - a +0 shortbow (weapon)
Armour
 a - a +0 scale mail (worn)
Scrolls
 c - a scroll of enchant weapon {unknown}
 d - a scroll of fog {unknown}
Potions
 b - a potion of haste
 e - a potion of lignification {unknown}
 f - a potion of heal wounds {unknown}

Dungeon Overview and Level Annotations

Branches:
Dungeon (2/15)

Altars:


Message History

Your experience leads to an increase in your attributes!
Increase (S)trength, (I)ntelligence, or (D)exterity?
You feel stronger. x2
You start resting.
HP restored.
A worm comes into view.
You shoot an arrow. The arrow hits the worm.
The worm is lightly wounded.
You shoot an arrow. The arrow hits the worm.
The worm is moderately wounded.
You shoot an arrow. The arrow barely misses the worm.
You shoot an arrow. The arrow hits the worm.
The worm is moderately wounded.
You shoot an arrow. The arrow hits the worm!
The worm is severely wounded.
You shoot an arrow. The arrow hits the worm!
You kill the worm! 2 gnolls come into view.
A gnoll is wielding a +1 halberd of protection.
The gnoll shouts! x2
You shoot an arrow. The arrow hits the gnoll.
The gnoll is lightly wounded.
You shoot an arrow. The arrow barely misses the gnoll.
You shoot an arrow. The arrow hits the gnoll.
The gnoll is moderately wounded.
You shoot an arrow. The arrow hits the gnoll.
The gnoll is heavily wounded.
The gnoll hits you from afar with a +1 halberd of protection.
The gnoll completely misses you. x2
You shoot an arrow. The arrow hits the gnoll.
The gnoll is severely wounded.
The gnoll barely misses you. The gnoll hits you with a +0 whip!
You shoot an arrow. The arrow hits the gnoll!
You kill the gnoll!
The gnoll hits you from afar with a +1 halberd of protection!
Your Ranged Weapons skill increases to level 7!
You shoot an arrow.
The arrow hits the gnoll but does no damage.
The gnoll hits you from afar with a +1 halberd of protection.
You die...

###.###>#.#..
#.....#.#.#..
#.#.#.#.#.#..
#.#.#.#.#.###
.###########.#.#.#.#....
.......................>
..............####.#.#..
.....g...)....# #.#.##
......)@......####.#..
###.....)..........# ##
#........#########
#........# #........#
##########


You could see a gnoll.

Vanquished Creatures
  2 gnolls (D:2)
  A worm (D:2)
  A ball python (D:1)
  A bat (D:1)
  4 endoplasms
  2 giant cockroaches (D:1)
  2 goblins (D:1)
  A hobgoblin (D:1)
  A kobold (D:1)
  3 quokkas (D:1)
  A frilled lizard (D:1)
  3 rats (D:1)
22 creatures vanquished.

Notes
Turn   | Place    | Note
-------+----------+-------------------------------------------
     0 | D:1      | qw the Deep Elf Hunter began the quest for the Orb.
     0 | D:1      | Reached XP level 1. HP: 12/12 MP: 3/3
     0 | D:1      | 0 ||| qw: Version: 0.3-a-9-g12657ce
     0 | D:1      | 0 ||| qw: Game counter: 2755
     0 | D:1      | 0 ||| qw: Always use a shield: true
     0 | D:1      | 0 ||| qw: God list: Okawaru
     0 | D:1      | 0 ||| qw: Allow faded altars: false
     0 | D:1      | 0 ||| qw: Do Orc after D:15 true
     0 | D:1      | 0 ||| qw: Do second Lair branch before Depths: true
     0 | D:1      | 0 ||| qw: Lair rune preference: random
     0 | D:1      | 0 ||| qw: Plans: Normal
     0 | D:1      | 0 ||| PLANNING D:1-11
   140 | D:1      | 140 ||| READING scroll labelled EKHLOH GIMIZ.
   141 | D:1      | 141 ||| DROPPING scroll of butterflies.
   243 | D:1      | Reached XP level 2. HP: 16/16 MP: 4/4
   293 | D:1      | Reached skill level 6 in Ranged Weapons
   795 | D:1      | 795 ||| UPGRADING to +0 scale mail.
   805 | D:1      | 805 ||| DROPPING +0 leather armour.
   806 | D:1      | 806 ||| READING scroll labelled SYAK ZEECRASOX.
   810 | D:1      | 810 ||| READING scroll labelled XAF JEUSKEXEFA.
   811 | D:1      | 811 ||| DRINKING 2 ruby potions.
   939 | D:2      | Reached XP level 3. HP: 13/20 MP: 5/5
   982 | D:2      | HP: 1/20 [gnoll/+1 halberd of protection (8)]
   983 | D:2      | Reached skill level 7 in Ranged Weapons
   983 | D:2      | Slain by a gnoll

Levels and vault maps discovered:
D:1:      ncdulo_lavacross, layout_loops_corners, serial_glass, glass_columns_b,
          glass_columns_c, glass_columns_b, glass_columns_a, item_on_display_a,
          minmay_strange_pillars, minmay_misc_feat_rows,
          minmay_misc_feat_columns, minmay_misc_feat_tower
D:2:      layout_basic, grunt_ministairs_10, wad_floor_pattern_1

Skill      XL: |  1  2  3 |
---------------+----------+-----
Ranged Weapons | 6 7 |  7.0
Fighting       | |  1.5
Dodging        | |  2.4
Stealth        | |  1.2

Action                     || total
---------------------------++-------
   Fire: Shortbow          ||    66
    Use: Scroll            ||     3
         Potion            ||     1
 Armour: Leather armour    ||     8
         Scale mail        ||     1
  Dodge: Dodged            ||    12

Table legend:
 A = Non-vault XP
 B = Vault XP
 C = Vault XP percentage of total XP
 D = Non-vault monster count
 E = Vault monster count
 F = Vault count percentage of total count
                 A         B        C        D         E       F
            +---------+---------+-------+---------+---------+-------
      Total |      69 |       0 |   0.0 |      22 |       0 |   0.0
            +---------+---------+-------+---------+---------+-------
        D:1 |      32 |       0 |   0.0 |      18 |       0 |   0.0
        D:2 |      37 |       0 |   0.0 |       4 |       0 |   0.0
            +---------+---------+-------+---------+---------+-------
